 Dungeon Crawl Stone Soup version 0.26-a0-597-gb535b0901c (webtiles) character file.

Game seed: 7397914804719825347

956717 Lavandula the Ogreish Ballista (level 27, -2/378 HPs)
             Began as an Ogre Hunter on Sept 8, 2020.
             Was the Champion of Cheibriados.
             Killed from afar by an iron giant (57 damage)
             ... with an iron shot
             ... on level 7 of the Iron City of Dis on Sept 9, 2020.
             The game lasted 05:26:06 (57873 turns).

Lavandula the Ogreish Ballista (Ogre Hunter)       Turns: 57873, Time: 05:26:12

Health: -2/378     AC: 31    Str: 41    XL:     27
Magic:  2/36       EV: 25    Int: 33    God:    Cheibriados [******]
Gold:   6185       SH: 20    Dex: 33    Spells: 0/52 levels left

rFire    . . .     SeeInvis +     - Unarmed
rCold    . . .     Faith    .   k - +5 kite shield
rNeg     + + .     Spirit   .   (armour currently unavailable)
rPois    ∞         Reflect  .   z - +1 hat {MR+}
rElec    +         Harm     .   p - +2 cloak of the Thief {*Fog Slay-2 SInv Stlth+}
rCorr    .                      (gloves unavailable)
MR       ++++.                  (boots unavailable)
Stlth    ++++......             m - amulet of regeneration
HPRegen  1.13/turn              u - ring of Lust {rN+ MR+ Dex+6}
MPRegen  0.25/turn              c - ring of wizardry

@: statue-form, very slightly contaminated, very slow
A: large, unfitting armour, blurry vision 1, deformed body, low mp 1, mutation
resistance 1, screaming 2, strong 1, subdued magic 1
}: 11/15 runes: barnacled, slimy, silver, bone, abyssal, demonic, glowing,
magical, fiery, dark, gossamer
a: End Transformation, Bend Time, Temporal Distortion, Slouch, Step From Time,
Renounce Religion


You were on level 7 of the Iron City of Dis.
You worshipped Cheibriados.
Cheibriados was exalted by your worship.
You were a stone statue.
You visited 11 branches of the dungeon, and saw 59 of its levels.
You visited Pandemonium 3 times, and saw 27 of its levels.
You visited the Abyss 2 times.
You visited 1 bazaar.
You also visited: Ossuary, Ice Cave and Wizlab.

You collected 8548 gold pieces.
You spent 2363 gold pieces at shops.

Inventory:

Missiles
 d - a throwing net
 s - 34 javelins (quivered)
 D - 19 large rocks
Armour
 j - a +1 robe of resistance
 k - a +5 kite shield (worn)
 p - the +2 cloak of the Thief (worn) {*Fog Slay-2 SInv Stlth+}
   (You found it in a wizard's laboratory)

   It affects your accuracy and damage with ranged weapons and melee attacks
   (-2).
   It lets you see invisible.
   It makes you more stealthy.
 z - a +1 hat of magic resistance (worn)
 T - the +3 robe of Clouds (melded) {+Thunder rCloud rElec}
   (You found it on level 9 of the Dungeon)

   It insulates you from electricity.
Jewellery
 a - an uncursed ring of protection from fire
 c - a ring of wizardry (right hand)
 g - the amulet "Hafuos" {Reflect SH+5 Stlth+}
   (You found it in an ice cave)

   [amulet of reflection]

   It shields you and reflects attacks.
   It affects your SH (+5).
   It makes you more stealthy.
 m - an amulet of regeneration (around neck)
 q - an uncursed ring of fire
 r - an uncursed ring of protection from cold
 u - the ring of Lust (left hand) {rN+ MR+ Dex+6}
   (You took it off a merfolk on level 4 of the Shoals)

   [ring of dexterity]

   It affects your dexterity (+6).
   It protects you from negative energy.
   It affects your resistance to hostile enchantments.
 G - the ring "Lixiramm" {rElec rPois Str+3 Int+2 Stlth+}
   (You took it off a frost giant on level 5 of the Vaults)

   [ring of poison resistance]

   It affects your strength (+3).
   It affects your intelligence (+2).
   It insulates you from electricity.
   It protects you from poison.
   It makes you more stealthy.
 N - an uncursed ring of resist corrosion
 P - an uncursed ring of protection from magic
 S - an uncursed ring of see invisible
 X - a +4 ring of evasion
Wands
 h - a wand of iceblast (46)
 F - a wand of digging (8)
 J - a wand of acid (28)
 Y - a wand of paralysis (7)
Scrolls
 i - 20 scrolls of identify
 l - 11 scrolls of amnesia
 n - 4 scrolls of immolation
 o - 8 scrolls of enchant armour
 B - 19 scrolls of remove curse
 C - 15 scrolls of teleportation
 L - a scroll of summoning
 M - 3 scrolls of fog
 Q - 4 scrolls of blinking
 R - 6 scrolls of magic mapping
 W - 2 scrolls of silence
 Z - 7 scrolls of fear
Potions
 e - 22 potions of curing
 f - 4 potions of cancellation
 t - 9 potions of invisibility
 v - 12 potions of stabbing
 w - 3 potions of might
 A - 7 potions of brilliance
 E - 4 potions of ambrosia
 I - 16 potions of lignification
 K - 3 potions of resistance
Miscellaneous
 x - a box of beasts (3/3)
 y - a condenser vane (2/2)
 H - a phantom mirror
 U - a tin of tremorstones (3/3)


   Skills:
 + Level 20.0 Fighting
 O Level 27 Throwing
 - Level 13.0 Dodging
 - Level 2.7 Stealth
 - Level 9.0 Shields
 - Level 18.0 Unarmed Combat
 - Level 13.1 Spellcasting
 - Level 12.5 Summonings
 - Level 6.8 Translocations
 - Level 11.0 Transmutations
 - Level 23.8 Air Magic
 - Level 10.2 Earth Magic
 - Level 2.1 Poison Magic
 - Level 14.3 Invocations
 - Level 5.0 Evocations


You couldn't memorise any spells.
You knew the following spells:

 Your Spells              Type           Power        Failure   Level
a - Wereblood             Tmut           ######..     0%          2
b - Summon Horrible Thin  Summ           ######....   28%         8
c - Blink                 Tloc           N/A          1%          2
d - Summon Lightning Spi  Summ/Air       #######.     0%          4
e - Olgreb's Toxic Radia  Pois           ####....     2%          4
f - Passage of Golubria   Tloc           N/A          1%          4
g - Apportation           Tloc           ######       1%          1
h - Irradiate             Conj/Tmut      #####.....   1%          5
i - Statue Form           Tmut/Erth      ######...    1%          6
j - Tornado               Air            #######...   4%          9
k - Malign Gateway        Summ/Tloc      ######....   12%         7

Your spell library contained the following spells:

 Spells                   Type           Power        Failure   Level
 Beastly Appendage        Tmut           ######       0%          1
 Sandblast                Erth           ######       0%          1
 Shock                    Conj/Air       ####         0%          1
 Summon Small Mammal      Summ           ####         0%          1
 Call Imp                 Summ           ######..     0%          2
 Corpse Rot               Necr/Air       N/A          0%          2
 Passwall                 Tmut/Erth      ######..     0%          2
 Poisonous Vapours        Pois/Air       ######       0%          2
 Swiftness                Air            #######.     0%          2
 Call Canine Familiar     Summ           ######..     0%          3
 Static Discharge         Conj/Air       ######..     0%          3
 Airstrike                Air            #######...   0%          4
 Animate Skeleton         Necr           ###...       1%          1
 Corona                   Hex            ###....      1%          1
 Foxfire                  Conj/Fire      ###.         1%          1
 Magic Dart               Conj           ###.         1%          1
 Sting                    Tmut/Pois      ####         1%          1
 Ensorcelled Hibernation  Hex/Ice        ###...       1%          2
 Slow                     Hex            ###.....     1%          2
 Sublimation of Blood     Necr           ###.......   1%          2
 Confusing Touch          Hex            ###.....     1%          3
 Conjure Flame            Conj/Fire      ###.....     1%          3
 Dazzling Flash           Conj/Hex       ###...       1%          3
 Frozen Ramparts          Ice            ###...       1%          3
 Gell's Gravitas          Tloc           ######....   1%          3
 Ignite Poison            Fire/Tmut/Pois #####...     1%          3
 Lesser Beckoning         Tloc           ######....   1%          3
 Mephitic Cloud           Conj/Pois/Air  ######..     1%          3
 Portal Projectile        Hex/Tloc       ####..       1%          3
 Spider Form              Tmut/Pois      ######....   1%          3
 Stone Arrow              Conj/Erth      #####.       1%          3
 Summon Guardian Golem    Hex/Summ       #####...     1%          3
 Teleport Other           Tloc           ######..     1%          3
 Tukima's Dance           Hex            ###.....     1%          3
 Ice Form                 Ice/Tmut       #####...     1%          4
 Iskenderun's Mystic Bla  Conj/Tloc      ####....     1%          4
 Petrify                  Tmut/Erth      ######..     1%          4
 Summon Ice Beast         Ice/Summ       #####...     1%          4
 Alistair's Intoxication  Tmut/Pois      ######...    1%          5
 Blade Hands              Tmut           ######....   1%          5
 Lee's Rapid Deconstruct  Erth           ######....   1%          5
 Lightning Bolt           Conj/Air       ######....   1%          5
 Summon Forest            Summ/Tloc      ######....   1%          5
 Yara's Violent Unravell  Hex/Tmut       #####.....   1%          5
 Hydra Form               Tmut           ######....   1%          6
 Monstrous Menagerie      Summ           ######....   3%          7
 Summon Greater Demon     Summ           ######....   3%          7
 Summon Hydra             Summ           ######....   3%          7
 Bolt of Magma            Conj/Fire/Erth ####......   4%          5
 Freezing Cloud           Conj/Ice/Air   ######....   4%          6
 Dispersal                Tloc           ######....   6%          6
 Dragon Form              Tmut           ######....   6%          7
 Cause Fear               Hex            ###.......   7%          4
 Dispel Undead            Necr           ###.....     7%          4
 Eringya's Noxious Bog    Tmut/Pois      ######....   8%          6
 Iron Shot                Conj/Erth      #####.....   13%         6
 Agony                    Necr           ###.....     21%         5
 Excruciating Wounds      Necr           ###.......   21%         5
 Iskenderun's Battlesphe  Conj           ###.....     21%         5
 Metabolic Englaciation   Hex/Ice        ###.......   21%         5
 Spellforged Servitor     Conj/Summ      #####.....   43%         7
 Ozocubu's Refrigeration  Ice            ###.......   71%         6
 Simulacrum               Ice/Necr       ###.......   71%         6
 Disjunction              Tloc           ######....   95%         8
 Dragon's Call            Summ           ######....   98%         9
 Orb of Destruction       Conj           ###.......   99%         7
 Ignition                 Fire           ###.......   100%        8
 Shatter                  Erth           ######....   100%        9


Dungeon Overview and Level Annotations

Branches:
Dungeon (15/15)            Temple (0/1) D:5            Lair (6/6) D:9
 Shoals (4/4) Lair:4       Spider (4/4) Lair:3        Slime (5/5) Lair:5
    Orc (2/2) D:11            Elf (0/3) Orc:2        Vaults (5/5) D:13
  Crypt (0/3) Vaults:3     Depths (3/5) D:15           Hell (visited)
    Dis (7/7) Hell            Tar (7/7) Hell        Ossuary (visited)
  IceCv (visited)          WizLab (visited)
    Geh: Hell:1         Coc: Hell:1

Altars:
Cheibriados
Hepliaklqana
Kikubaaqudgha
Makhleb
Qazlal
Sif Muna
Vehumet
Yredelemnul
Beogh
Jiyva

Shops:
D:10 !   D:11 (**   D:12 ?   Orc:2 }[:!(   Vaults:3 [   Vaults:4 *   Vaults:5 ?
Depths:1 *

Portals:
Hell: Depths:1 Depths:2 Depths:3
Abyss: Depths:2 Depths:3
Pandemonium: Depths:3

Annotations:
D:4 Sigmund
D:5 exclusion: downstairs
Shoals:4 Ilsuiw
Spider:3 1 exclusion
Vaults:1 3 runed translucent doors


Innate Abilities, Weirdness & Mutations

You are too large for most types of armour.
((You have tough skin. (AC +1)))
((You are partially covered in icy blue scales. (AC +2)))
((You are partially covered in thin metallic scales. (AC +2)))
Scrolls take you a little longer to read.
Armour fits poorly on your strangely shaped body.
Your magical capacity is low. (-10% MP)
You are somewhat resistant to further mutation.
You sometimes yell uncontrollably at your foes.
Your muscles are strong. (Str +2)
Your spells are a little easier to cast, but a little less powerful.


Message History

Okay, then.
Fire/throw which item? (* to show all) (? for menu, Esc to quit)
Okay, then.
Evoke which item? (* to show all) (? for menu, Esc to quit)
Okay, then.
Fire/throw which item? (* to show all) (? for menu, Esc to quit)
Throwing (i - inventory. (/) - cycle)
s - 34 javelins (quivered)
Press: ? - help, Shift-Dir - straight line, f - iron giant
Aim: an iron giant, wielding a +0 giant club (heavily wounded)
You throw a large rock. The large rock hits the iron giant!!!
The iron giant is almost dead.
Fire/throw which item? (* to show all) (? for menu, Esc to quit)
Throwing (i - inventory. (/) - cycle)
s - 34 javelins (quivered)
Press: ? - help, Shift-Dir - straight line, f/p - iron giant
Aim: an iron giant, wielding a +0 giant club (almost dead)
You throw a large rock. The large rock hits the iron giant!
The iron giant is almost dead.
The iron giant gestures at you while chanting.
The iron shot hits you!!!
You die...

,,,,,,,,,,,*****,................
,,,,****,....##**#...........÷÷..
,,,,*,,*,......###*#...........).
,,,,*,,+,........#####....)...).#
,,,,*,,*,..........####.)....))÷#
,,,,****............###'#.......#
,,,,,,,,............#.))##......#
**,,,,,,............#..)###......
****,,,,........8...#...#*##.....
,,***+*,........C...###'#.###....
,,*,,,*,................[..###...
,,*,,,**#.......(...........#*#..
,,*,,,***#..###§#............#**,
,,**+**,*##,#§§§#.....########***
,,,,,,,,,***#§§§#.....#,,,,,,,,,'
,,,,,,,,,,**#§§§#.....#,,,,,,,,,*
^,,,,,,,,,,*#...#.....#,,,,,,,,,*


You could see an iron giant.

Vanquished Creatures
  the Royal Jelly (Slime:5)
  Mnoleg (Pan)
  Lom Lobon (Pan)
  A seraph (Pan)
  the Serpent of Hell (Hell)
  Gloorx Vloq (Pan)
  Mara (Vaults:4)
  3 ancient liches
  Bai Suzhen (Shoals:4)
  Margery (Vaults:5)
  3 pandemonium lords (Pan)
  Geryon (Hell)
  2 golden dragons
  14 doom hounds
  12 bone dragons
  5 Brimstone Fiends
  6 iron giants
  34 Tzitzimimeh
  5 liches
  4 tentacled monstrosities
  5 Hell Sentinels
  A hellephant (Pan)
  4 Ice Fiends
  5 titans
  27 acid blobs
  A quicksilver dragon (Dis:7)
  An eldritch tentacle (WizLab)
  24 Executioners (Pan)
  2 tentacled starspawn
  3 sphinxes
  13 shadow dragons
  5 warmongers (Pan)
  8 ancient champions
  7 storm dragons
  A shadow dragon (shapeshifter) (Depths:2)
  6 tengu reavers
  12 azure jellies
  3 daevas (Pan)
  10 frost giants
  4 iron dragons
  6 fire giants
  26 balrugs
  7 ghost moths
  2 deep elf sorcerers (Vaults:5)
  An orc warlord (Vaults:5)
  Louise (Shoals:4)
  9 vault wardens
  23 cacodemons (Pan)
  14 angels (Pan)
  A deep elf elementalist (Vaults:5)
  21 very ugly things
  10 ironheart preservers
  5 emperor scorpions
  A ghoul (Vaults:4)
  48 reapers
  2 curse skulls (Pan)
  17 war gargoyles
  10 stone giants
  5 entropy weavers
  10 blood saints (Pan)
  9 ophanim (Pan)
  2 deep elf demonologists (Vaults:5)
  12 black suns (Pan)
  15 corrupters (Pan)
  2 dire elephants
  13 apis (Pan)
  13 lorocyprocas
  2 deep elf annihilators (Pan)
  7 vampire knights
  13 blizzard demons
  2 spark wasps
  11 green deaths
  2 crystal guardians
  11 ettins
  7 merfolk javelineers (Shoals:4)
  2 jiangshi (Tar:7)
  2 deep elf death magi (Vaults:5)
  10 merfolk impalers
  7 small abominations
  12 death oozes (Slime:5)
  3 quicksilver dragon zombies
  7 fire dragons
  12 great orbs of eyes
  29 vault guards
  18 yaktaur captains
  7 ice dragons
  2 quicksilver dragon skeletons
  3 rakshasas
  3 deep elf high priests (Vaults:5)
  7 monstrous demonspawn (Pan)
  A nameless horror (Hell)
  5 hell beasts (Pan)
  2 spriggan air magi (Depths:3)
  Erolcha (Orc:2)
  2 naga warriors (Abyss:1)
  4 hydras
  3 ghost crabs
  8 centaur warriors
  4 merfolk avatars
  2 death knights
  6 merfolk aquamancers (Shoals:4)
  3 alligator snapping turtles (Shoals:4)
  2 satyrs
  A dancing weapon (Dis:4)
  29 two-headed ogres
  12 ogre magi
  7 vampire magi
  A tengu warrior (Depths:3)
  2 deep troll shamans (Vaults:5)
  A spriggan berserker (Depths:3)
  7 hell hogs (Hell)
  A deep troll earth mage (Vaults:4)
  6 thrashing horrors
  3 titan zombies
  16 hell knights
  A titan skeleton (Tar:6)
  39 soul eaters
  11 shadow wraiths
  A deep elf knight (Vaults:3)
  8 wretched stars
  6 iron golems
  103 skeletal warriors
  31 large abominations
  2 storm dragon zombies
  33 sun demons
  A fire crab (shapeshifter) (D:9)
  22 sixfirhies (Pan)
  A golden dragon zombie (Tar:6)
  2 storm dragon skeletons
  3 unseen horrors
  2 anaconda zombies
  2 spatial maelstroms
  11 cherubim (Pan)
  2 death drakes (Tar:7)
  5 deep trolls
  2 glowing orange brains
  6 iron trolls
  2 death drakes (shapeshifter)
  A ghost moth zombie (Dis:4)
  4 infernal demonspawn (Pan)
  4 sea snakes
  10 gelid demonspawn (Pan)
  3 flayed ghosts
  3 anaconda skeletons
  32 shadow demons
  An obsidian statue (WizLab)
  2 lindwurms (shapeshifter)
  A golden dragon skeleton (Tar:1)
  10 phantasmal warriors
  Pikel (D:5)
  A shadow dragon zombie (Dis:5)
  15 torturous demonspawn (Pan)
  8 necromancers
  12 ironbrand convokers
  3 wolf spider zombies
  9 wizards
  5 deep elf magi
  9 harpies
  A salamander (Abyss:1)
  13 orc knights
  38 ugly things
  2 stone giant zombies
  16 orb spiders
  An oklob plant (Lair:2)
  4 iron dragon zombies
  2 shadow dragon skeletons
  3 frost giant zombies
  29 wolf spiders
  A tengu skeleton (Vaults:3)
  9 orc sorcerers (Orc:2)
  2 moths of wrath (Spider:4)
  5 cyclopes
  2 fauns (Shoals:3)
  The ghost of Lanoc the Frost Mage, a novice DsIE (D:7)
  3 merfolk sirens
  7 shining eyes
  4 frost giant skeletons
  4 fire giant zombies
  3 worldbinders
  An elephant (shapeshifter) (Vaults:3)
  5 fire giant skeletons
  3 stone giant skeletons
  7 water nymphs
  9 manticores
  2 iron dragon skeletons (Tar:7)
  5 eyes of devastation
  17 elephants
  Joseph (D:9)
  A guardian serpent (Abyss:1)
  A shock serpent zombie (Tar:3)
  27 rust devils
  A dire elephant skeleton (Pan)
  2 dire elephant zombies
  37 smoke demons
  3 apocalypse crabs
  2 ice statues (IceCv)
  11 vault sentinels
  2 black mambas
  5 cane toads
  A shock serpent skeleton (Pan)
  25 orange demons
  A gargoyle (D:12)
  31 hellions
  3 centaur skeletons
  7 komodo dragons
  28 yaktaurs
  2 efreet
  12 freezing wraiths
  30 tormentors
  A tengu conjurer (Depths:3)
  7 rime drakes
  2 yaktaur skeletons (Vaults:3)
  13 ice devils
  25 demonic crawlers
  14 hellwings (Pan)
  4 hydra zombies
  3 silent spectres
  32 red devils
  3 polar bears
  9 ancient zymes
  2 harpy zombies
  3 meliai (Abyss:5)
  4 wind drakes
  4 trolls
  A merfolk (shapeshifter) (D:15)
  12 hornets
  16 merfolk
  74 slime creatures
  27 jumping spiders
  6 hydra skeletons
  5 fire dragon zombies
  7 hippogriffs
  7 raiju
  3 ettin zombies
  5 blink frogs (Lair:4)
  A frost giant simulacrum (Vaults:4)
  An iron dragon simulacrum (Tar:3)
  6 snapping turtles
  2 ettin skeletons
  2 ice dragon skeletons
  4 ice dragon zombies
  52 redbacks
  50 flying skulls
  A black mamba zombie (Dis:5)
  2 spriggans
  8 wraiths
  An air elemental (Abyss:5)
  An alligator skeleton (Tar:6)
  13 tarantellas
  A yak (shapeshifter) (Vaults:3)
  39 yaks
  21 shadows
  A tarantella (shapeshifter) (Vaults:4)
  3 fire dragon skeletons
  20 water elementals
  21 humans (D:13)
  7 wyverns
  31 ynoxinuls
  A basilisk (Lair:3)
  A human (shapeshifter) (D:12)
  6 fire elementals (Hell)
  A black mamba skeleton (Pan)
  24 chaos spawn
  23 golden eyes
  A golden eye (shapeshifter) (Vaults:1)
  A steam dragon (Shoals:4)
  15 neqoxecs (Pan)
  A human simulacrum (Vaults:4)
  A harpy simulacrum (Tar:7)
  A naga (Abyss:1)
  Edmund (D:4)
  An insubstantial wisp (Abyss:4)
  7 wargs
  A swamp worm (Lair:6)
  An infernal demonspawn zombie (Dis:1)
  2 spatial vortices (WizLab)
  13 water moccasins
  A soldier ant (D:14)
  A cane toad zombie (Dis:1)
  A deep troll skeleton (Vaults:3)
  29 hell hounds
  4 sky beasts
  7 porcupines
  18 ice beasts
  34 orc warriors
  2 snapping turtle zombies
  A black bear (D:12)
  20 necrophages
  A cane toad skeleton (Hell)
  7 eyes of draining
  A manticore zombie (Tar:7)
  6 phantoms
  38 ogres
  11 wolves
  A manticore skeleton (Tar:7)
  2 snapping turtle skeletons (Pan)
  23 centaurs
  A wolf (shapeshifter) (Vaults:5)
  A lemure (D:5)
  13 crocodiles
  4 big kobolds
  An elf zombie (Dis:5)
  19 bullfrogs
  An elf skeleton (Pan)
  A wyvern zombie (D:10)
  4 human skeletons
  A wyvern skeleton (D:11)
  4 water moccasin zombies (Ossuary)
  6 scorpions
  A spriggan zombie (Tar:6)
  33 wights
  7 killer bees
  6 howler monkeys
  2 crimson imps (Hell)
  39 starcursed masses
  A centaur zombie (D:9)
  2 quasits
  A bullfrog zombie (D:6)
  4 hounds
  26 iron imps
  A jelly (D:5)
  33 orc wizards
  11 orc priests
  6 bullfrog skeletons
  3 iguanas
  10 worker ants
  3 big kobold zombies (Ossuary)
  A hound zombie (D:8)
  A hound skeleton (D:9)
  5 mummies
  2 worker ant zombies (D:10)
  5 gnolls
  16 adders
  16 shadow imps
  4 white imps
  2 ufetubi
  An ooze (D:4)
  7 adder zombies
  A worm (D:4)
  6 ball lightnings (Pan)
  A dart slug (D:1)
  7 leopard geckos
  95 orcs
  2 ball pythons
  4 giant cockroaches
  5 gnoll zombies
  7 goblins
  5 hobgoblins
  14 jackals
  7 quokkas
  4 bats
  2 frilled lizards
  3 hobgoblin zombies (Ossuary)
  21 kobolds
  3 kobold zombies (Ossuary)
  5 orc zombies (Ossuary)
  3 quokka skeletons
  A quokka zombie (D:5)
  2 rats
  3 starspawn tentacles
3088 creatures vanquished.

Vanquished Creatures (collateral kills)
  Ereshkigal (Tar:7)
  A bone dragon (Dis:5)
  2 reapers (Tar:7)
  A very ugly thing (Pan)
  A merfolk impaler (Shoals:4)
  3 skeletal warriors (Dis:5)
  A flayed ghost (Dis:5)
  An anaconda skeleton (Hell)
  A stone giant zombie (Dis:5)
  A rust devil (Dis:5)
  A red devil (Dis:5)
  A hydra zombie (Hell)
  A hydra skeleton (Hell)
  An alligator zombie (Hell)
  2 hydra simulacra (Hell)
  A necrophage (Tar:7)
  A shadow imp (Tar:7)
21 creatures vanquished.

Vanquished Creatures (others)
  A pandemonium lord (Pan)
  A titan (Pan)
  10 eldritch tentacles
  A blood saint (Pan)
  3 draconian annihilators (Pan)
  A hell hog (Hell)
  A sixfirhy (Pan)
  A wizard (Pan)
  A faun (Shoals:3)
  2 smoke demons (Pan)
  A hellwing (Pan)
  An ice devil (Pan)
  A slime creature (Slime:1)
  A necrophage (Tar:7)
  An iron imp (Dis:7)
  An orc wizard (Orc:2)
  5 ball lightnings (Pan)
  A leopard gecko (D:9)
  A block of ice (Pan)
  2 bushes (D:9)
  3 demonic plants (Pan)
  47 fungi
  A lurking horror (Abyss:5)
  118 plants
  5 starspawn tentacles
  17 tentacles (Shoals:4)
228 creatures vanquished.

Grand Total: 3337 creatures vanquished

Notes
Turn   | Place    | Note
-------+----------+-------------------------------------------
     0 | D:1      | Lavandula the Ogre Hunter began the quest for the Orb.
     0 | D:1      | Reached XP level 1. HP: 22/22 MP: 1/1
   338 | D:1      | Reached XP level 2. HP: 24/29 MP: 2/2
   743 | D:1      | Reached XP level 3. HP: 34/36 MP: 3/3
   978 | D:2      | Reached skill level 5 in Throwing
  1136 | D:2      | Noticed a bullfrog
  1140 | D:2      | Killed a bullfrog
  1140 | D:2      | Reached skill level 6 in Throwing
  1140 | D:2      | Reached XP level 4. HP: 41/44 MP: 4/4
  1246 | D:2      | Reached XP level 5. HP: 50/50 MP: 5/5
  1258 | D:2      | Found a hazy altar of Hepliaklqana.
  1731 | D:3      | Noticed a water moccasin
  1736 | D:3      | Killed a water moccasin
  1736 | D:3      | Reached skill level 7 in Throwing
  1736 | D:3      | Reached XP level 6. HP: 52/59 MP: 6/6
  2365 | D:4      | Noticed Edmund
  2402 | D:4      | Killed Edmund
  2402 | D:4      | Reached skill level 8 in Throwing
  2402 | D:4      | Reached XP level 7. HP: 66/66 MP: 7/7
  3106 | D:4      | Noticed Sigmund
  3126 | D:5      | Entered Level 5 of the Dungeon
  3238 | D:5      | Reached skill level 9 in Throwing
  3240 | D:5      | Noticed Pikel
  3253 | D:5      | Killed Pikel
  3253 | D:5      | Reached skill level 10 in Throwing
  3253 | D:5      | Reached XP level 8. HP: 52/74 MP: 8/8
  3355 | D:5      | Found a burning altar of Makhleb.
  3355 | D:5      | Noticed an Executioner
  3418 | D:5      | Found a staircase to the Ecumenical Temple.
  3458 | D:5      | Found a runed translucent door.
  3459 | D:5      | Noticed Lanoc's ghost (novice DsIE)
  4504 | D:6      | Found a sand-covered staircase.
  4542 | Ossuary  | Entered an ossuary
  4565 | Ossuary  | Reached skill level 11 in Throwing
  4911 | Ossuary  | Reached skill level 5 in Fighting
  5104 | Ossuary  | Gained mutation: Your spells are a little harder to cast,
                  | but a little more powerful. [potion of mutation]
  5104 | Ossuary  | Gained mutation: You expend magic power (3 MP) to
                  | strengthen your wands. [potion of mutation]
  5106 | Ossuary  | Lost mutation: Your spells are a little harder to cast, but
                  | a little more powerful. [potion of mutation]
  5106 | Ossuary  | Lost mutation: You expend magic power (3 MP) to strengthen
                  | your wands. [potion of mutation]
  5106 | Ossuary  | Gained mutation: Your magical capacity is low. (-10% MP)
                  | [potion of mutation]
  5106 | Ossuary  | Gained mutation: Your spells are a little easier to cast,
                  | but a little less powerful. [potion of mutation]
  5106 | Ossuary  | Gained mutation: You are dopey. (Int -2) [potion of
                  | mutation]
  5106 | Ossuary  | Gained mutation: You are partially covered in slimy green
                  | scales. (AC +2) [potion of mutation]
  5144 | D:6      | Reached XP level 9. HP: 60/88 MP: 8/8
  5747 | D:6      | Learned a level 2 spell: Wereblood
  5753 | D:6      | Learned a level 5 spell: Blade Hands
  6096 | D:7      | Reached skill level 5 in Dodging
  6519 | D:7      | Killed Lanoc's ghost
  6811 | D:7      | Reached XP level 10. HP: 86/110 MP: 9/9
  6942 | D:7      | Found a radiant altar of Vehumet.
  7063 | D:7      | Reached skill level 10 in Fighting
  8017 | D:8      | Noticed a two-headed ogre
  8359 | D:8      | Found a shimmering blue altar of Sif Muna.
  8753 | D:8      | Found a basalt altar of Yredelemnul.
  9060 | D:9      | Reached skill level 12 in Throwing
  9297 | D:9      | Found a snail-covered altar of Cheibriados.
  9312 | D:9      | Became a worshipper of Cheibriados the Contemplative
  9318 | D:9      | Noticed a brown ugly thing
  9330 | D:9      | Killed a brown ugly thing
  9333 | D:9      | Noticed a manticore
  9339 | D:9      | Killed a manticore
  9339 | D:9      | Reached skill level 13 in Throwing
  9339 | D:9      | Reached XP level 11. HP: 97/120 MP: 9/9
  9422 | D:9      | Found the +3 robe of Clouds {+Thunder rCloud rElec}
  9529 | D:9      | Found a stormy altar of Qazlal.
  9530 | D:9      | Noticed a fire crab
  9536 | D:9      | Killed a fire crab
  9622 | D:9      | Found a radiant altar of Vehumet.
  9628 | D:9      | Noticed a cyclops
  9632 | D:9      | Killed a cyclops
  9830 | D:9      | Reached skill level 1 in Transmutations
  9928 | D:9      | Reached * piety under Cheibriados
  9941 | D:9      | Noticed Joseph
  9943 | D:9      | Killed Joseph
  9975 | D:9      | Found a staircase to the Lair.
 10251 | D:9      | Reached ** piety under Cheibriados
 10262 | D:9      | Reached skill level 5 in Transmutations
 10573 | D:9      | Reached skill level 1 in Spellcasting
 10689 | D:10     | Entered Level 10 of the Dungeon
 11155 | D:10     | Found Jaliak's Distillery.
 11183 | D:10     | Bought a potion of heal wounds for 65 gold pieces
 11183 | D:10     | Bought a potion of flight for 39 gold pieces
 11183 | D:10     | Bought 2 potions of curing for 78 gold pieces
 11183 | D:10     | Bought a potion of curing for 39 gold pieces
 11183 | D:10     | Bought a potion of curing for 39 gold pieces
 11569 | D:10     | Reached *** piety under Cheibriados
 11878 | D:11     | Reached skill level 5 in Spellcasting
 11928 | D:11     | Reached XP level 12. HP: 93/130 MP: 17/19
 11962 | D:11     | Reached **** piety under Cheibriados
 12444 | D:11     | Found Fupni's Antique Weapon Boutique.
 12497 | D:11     | Found a staircase to the Orcish Mines.
 12644 | D:11     | Learned a level 1 spell: Apportation
 12647 | D:11     | Learned a level 2 spell: Blink
 12652 | D:11     | Learned a level 4 spell: Summon Lightning Spire
 12660 | D:11     | Found Dowil's General Store.
 12679 | D:11     | Bought a scroll of fear for 49 gold pieces
 12679 | D:11     | Bought 2 potions of lignification for 84 gold pieces
 12694 | D:11     | Found Murum's Assorted Antiques.
 12706 | D:11     | Bought a scroll labeled CEMEBE XIPLAYH for 29 gold pieces
 12706 | D:11     | Bought a scroll labeled YLIOWA LOAK for 29 gold pieces
 12706 | D:11     | Bought a scroll of teleportation for 87 gold pieces
 12706 | D:11     | Bought a sapphire ring for 145 gold pieces
 13042 | D:12     | Reached skill level 1 in Unarmed Combat
 13094 | D:12     | Reached ***** piety under Cheibriados
 13156 | D:12     | Found Diryrin's Magic Scroll Shoppe.
 13164 | D:12     | Bought a scroll of random uselessness for 17 gold pieces
 13910 | D:12     | Reached skill level 5 in Unarmed Combat
 14229 | D:12     | Noticed a two-headed ogre
 14234 | D:12     | Killed a two-headed ogre
 14764 | D:13     | Reached XP level 13. HP: 116/137 MP: 20/20
 14930 | D:13     | Found a gate to the Vaults.
 14930 | D:13     | Noticed a vault guard
 14930 | D:13     | Noticed a vault guard
 14941 | D:13     | Killed a vault guard
 14951 | D:13     | Killed a vault guard
 15204 | Lair:1   | Entered Level 1 of the Lair of Beasts
 15279 | Lair:2   | Found a frozen archway.
 15298 | IceCv    | Entered an ice cave
 15303 | IceCv    | Reached ****** piety under Cheibriados
 15341 | IceCv    | Reached skill level 1 in Evocations
 15552 | IceCv    | Noticed an ice dragon
 15552 | IceCv    | Noticed an ice dragon
 15559 | IceCv    | Killed an ice dragon
 15562 | IceCv    | Killed an ice dragon
 15813 | IceCv    | Got a shimmering golden amulet
 15819 | IceCv    | Identified the amulet "Hafuos" {Reflect SH+5 Stlth+} (You
                  | found it in an ice cave)
 16061 | Lair:2   | Reached skill level 5 in Evocations
 16098 | Lair:3   | Reached skill level 1 in Invocations
 16608 | Lair:3   | Reached skill level 5 in Invocations
 16751 | Lair:3   | Reached XP level 14. HP: 142/146 MP: 13/21
 16913 | Lair:4   | Found a staircase to the Shoals.
 17011 | Lair:6   | Entered Level 6 of the Lair of Beasts
 17170 | Lair:5   | Noticed a dire elephant
 17178 | Lair:5   | Killed a dire elephant
 17512 | Lair:6   | Reached skill level 10 in Invocations
 17676 | Lair:6   | Noticed a dire elephant
 17685 | Lair:6   | Killed a dire elephant
 17987 | Lair:5   | Learned a level 4 spell: Olgreb's Toxic Radiance
 18151 | Orc:1    | Entered Level 1 of the Orcish Mines
 18151 | Orc:1    | Found a radiant altar of Vehumet.
 18168 | Orc:2    | Entered Level 2 of the Orcish Mines
 18178 | Orc:2    | Found a staircase to the Elven Halls.
 18190 | Orc:2    | Reached skill level 1 in Poison Magic
 18228 | Orc:2    | Found Oheite's Antique Weapon Emporium.
 18331 | Orc:2    | Learned a level 4 spell: Passage of Golubria
 18539 | Orc:2    | Reached skill level 1 in Translocations
 18595 | Orc:2    | Found Yjoawaak's Distillery.
 18642 | Orc:2    | Bought a potion of resistance for 110 gold pieces
 18642 | Orc:2    | Bought a potion of mutation for 88 gold pieces
 18642 | Orc:2    | Bought a potion of curing for 33 gold pieces
 18642 | Orc:2    | Bought 2 potions of curing for 66 gold pieces
 18642 | Orc:2    | Bought a potion of lignification for 33 gold pieces
 18655 | Orc:2    | Found an ancient bone altar of Kikubaaqudgha.
 18659 | Orc:2    | Reached XP level 15. HP: 154/154 MP: 22/22
 18702 | Orc:2    | Found Ilidin's Antique Armour Shoppe.
 18719 | Orc:2    | Noticed Erolcha
 18730 | Orc:2    | Killed Erolcha
 18740 | Orc:2    | Found a radiant altar of Vehumet.
 18762 | Orc:2    | Found a roughly hewn altar of Beogh.
 18762 | Orc:2    | Found Liohasac's Gadget Shoppe.
 18785 | Orc:2    | Found Qicurph's Book Emporium.
 18788 | Orc:2    | Bought a condenser vane (2/2) for 200 gold pieces
 19060 | D:12     | Bought a scroll of teleportation for 51 gold pieces
 19060 | D:12     | Bought a scroll of blinking for 127 gold pieces
 19060 | D:12     | Bought a scroll of teleportation for 51 gold pieces
 19060 | D:12     | Bought a scroll of teleportation for 51 gold pieces
 19087 | D:11     | Bought a potion of heal wounds for 145 gold pieces
 19204 | Shoals:1 | Entered Level 1 of the Shoals
 19209 | Shoals:1 | Reached skill level 5 in Translocations
 20202 | Shoals:2 | You fall into a shaft and drop 1 floor!
 20209 | Shoals:3 | Reached skill level 1 in Stealth
 20325 | Shoals:4 | Entered Level 4 of the Shoals
 20334 | Shoals:4 | Learned a level 5 spell: Irradiate
 20515 | Shoals:4 | Identified the ring of Lust {rN+ MR+ Dex+6}
 20757 | Shoals:4 | Noticed a kraken
 20780 | Shoals:4 | Noticed Bai Suzhen
 21127 | Shoals:4 | Reached skill level 10 in Spellcasting
 21326 | Shoals:4 | Killed Bai Suzhen
 21686 | Shoals:4 | Noticed a kraken
 22008 | Shoals:4 | Reached XP level 16. HP: 96/162 MP: 12/28
 22257 | Shoals:4 | Noticed Louise
 22661 | Shoals:4 | Killed Louise
 22877 | Shoals:4 | Noticed Ilsuiw
 23816 | Shoals:4 | Got a barnacled rune of Zot
 24130 | Lair:3   | Found a hole to the Spider Nest.
 24145 | Lair:3   | Learned a level 6 spell: Statue Form
 24181 | Spider:1 | Entered Level 1 of the Spider Nest
 24379 | Spider:1 | Reached skill level 1 in Earth Magic
 24949 | Spider:1 | Identified the cursed +1 leather armour of Broken Taboos
                  | {+Blink rElec rN+ Int+4}
 25051 | Spider:2 | Reached skill level 5 in Earth Magic
 26331 | Spider:3 | Reached XP level 17. HP: 170/170 MP: 30/30
 26354 | Spider:4 | Entered Level 4 of the Spider Nest
 26661 | Spider:4 | Reached skill level 10 in Earth Magic
 27633 | Spider:4 | Got a gossamer rune of Zot
 27871 | Lair:5   | Found a staircase to the Slime Pits.
 28004 | Slime:1  | Entered Level 1 of the Pits of Slime
 28004 | Slime:1  | Noticed an acid blob
 28008 | Slime:1  | Killed an acid blob
 28008 | Slime:1  | Reached skill level 10 in Transmutations
 28205 | Slime:1  | Noticed an acid blob
 28209 | Slime:1  | Noticed an acid blob
 28396 | Lair:5   | Killed an acid blob
 28475 | Slime:1  | Killed an acid blob
 28667 | Slime:2  | Gained mutation: Armour fits poorly on your strangely
                  | shaped body. [a shining eye]
 28672 | Slime:2  | Noticed an acid blob
 28807 | Slime:2  | Reached skill level 10 in Unarmed Combat
 28808 | Slime:2  | Killed an acid blob
 28988 | Slime:3  | Noticed an acid blob
 28989 | Slime:3  | Noticed an acid blob
 28993 | Slime:3  | Noticed an acid blob
 28997 | Slime:2  | Killed an acid blob
 28997 | Slime:2  | Reached XP level 18. HP: 166/179 MP: 7/31
 29133 | Slime:3  | Gained mutation: Your magical capacity is very low. (-20%
                  | MP) [a shining eye]
 29133 | Slime:3  | Gained mutation: Scrolls take you a little longer to read.
                  | [a shining eye]
 30387 | Slime:5  | Entered Level 5 of the Pits of Slime
 30406 | Slime:5  | Noticed the Royal Jelly
 30415 | Slime:5  | Gained mutation: Your magical capacity is extremely low.
                  | (-30% MP) [a shining eye]
 31280 | Slime:5  | Found a viscous altar of Jiyva.
 31303 | Slime:5  | Gained mutation: You tend to lose your temper in combat. [a
                  | shining eye]
 31308 | Slime:5  | Gained mutation: You are clumsy. (Dex -2) [a shining eye]
 31692 | Slime:5  | Gained mutation: You are frail. (-10% HP) [a shining eye]
 31817 | Slime:5  | Killed the Royal Jelly
 31824 | Slime:5  | Reached XP level 19. HP: 105/166 MP: 4/25
 31835 | Slime:5  | Got a slimy rune of Zot
 31874 | Slime:5  | Got a steaming wooden ring
 31876 | Slime:5  | Identified the ring "Coam" {MR+ Dex+6} (You found it on
                  | level 5 of the Pits of Slime)
 31934 | Slime:5  | Identified the ring of Hisai {+Inv rF- Dex+4 Stlth+} (You
                  | found it on level 5 of the Pits of Slime)
 32213 | Vaults:1 | Entered Level 1 of the Vaults
 32365 | Vaults:1 | Reached skill level 14 in Throwing
 32905 | Vaults:1 | Lost mutation: You tend to lose your temper in combat.
                  | [potion of mutation]
 32905 | Vaults:1 | Lost mutation: Your magical capacity is extremely low.
                  | (-30% MP) [potion of mutation]
 32905 | Vaults:1 | Gained mutation: You are very frail. (-20% HP) [potion of
                  | mutation]
 32905 | Vaults:1 | Lost mutation: Your spells are a little easier to cast, but
                  | a little less powerful. [potion of mutation]
 32906 | Vaults:1 | Lost mutation: Scrolls take you a little longer to read.
                  | [potion of mutation]
 32906 | Vaults:1 | Lost mutation: Your magical capacity is very low. (-20% MP)
                  | [potion of mutation]
 32906 | Vaults:1 | Lost mutation: Your magical capacity is low. (-10% MP)
                  | [potion of mutation]
 32906 | Vaults:1 | Gained mutation: Your spells are a little harder to cast,
                  | but a little more powerful. [potion of mutation]
 32906 | Vaults:1 | Gained mutation: You expend magic power (3 MP) to
                  | strengthen your wands. [potion of mutation]
 33084 | Vaults:1 | Reached skill level 15 in Throwing
 33640 | Vaults:1 | Found a runed translucent gate.
 33640 | Vaults:1 | Found a runed translucent gate.
 33640 | Vaults:1 | Found a runed translucent gate.
 33640 | Vaults:1 | Noticed a tentacled monstrosity
 33640 | Vaults:1 | Noticed a tentacled monstrosity
 33641 | Vaults:1 | Noticed a tentacled monstrosity
 34019 | Vaults:2 | Found a flickering gateway to a bazaar.
 34033 | Bazaar   | Entered a bazaar
 34033 | Bazaar   | Found Ekhi's Antique Armour Shop.
 34033 | Bazaar   | Found Oteulugh's Distillery.
 34040 | Bazaar   | Bought a potion of mutation for 88 gold pieces
 34040 | Bazaar   | Lost mutation: Armour fits poorly on your strangely shaped
                  | body. [potion of mutation]
 34040 | Bazaar   | Lost mutation: You expend magic power (3 MP) to strengthen
                  | your wands. [potion of mutation]
 34040 | Bazaar   | Lost mutation: You are clumsy. (Dex -2) [potion of
                  | mutation]
 34040 | Bazaar   | Lost mutation: You are partially covered in slimy green
                  | scales. (AC +2) [potion of mutation]
 34040 | Bazaar   | Lost mutation: You are very frail. (-20% HP) [potion of
                  | mutation]
 34040 | Bazaar   | Lost mutation: You are frail. (-10% HP) [potion of
                  | mutation]
 34173 | Bazaar   | Found Aquchiv's Antique Weapon Shop.
 34196 | Bazaar   | Bought a ripped robe for 222 gold pieces
 34196 | Bazaar   | Identified the +1 robe of Rotation {+Fly rPois Int-2} (You
                  | bought it in a shop in a bazaar)
 34197 | Bazaar   | Bought an embroidered robe for 144 gold pieces
 34344 | Vaults:3 | Reached skill level 16 in Throwing
 34555 | Vaults:3 | Found Xehaok's Armour Boutique.
 34919 | Vaults:3 | Reached skill level 17 in Throwing
 35063 | Vaults:3 | Reached XP level 20. HP: 135/194 MP: 30/37
 35559 | Vaults:3 | Found a staircase to the Crypt.
 36574 | Vaults:4 | Reached skill level 18 in Throwing
 37410 | Vaults:4 | Reached skill level 19 in Throwing
 37985 | Vaults:4 | Noticed Mara
 37995 | Vaults:4 | Killed Mara
 38042 | Vaults:4 | Found Kimoir's General Store.
 38412 | Vaults:5 | Entered Level 5 of the Vaults
 38417 | Vaults:5 | Reached XP level 21. HP: 198/200 MP: 21/38
 38417 | Vaults:5 | Reached skill level 20 in Throwing
 38424 | Vaults:5 | Noticed a golden dragon
 38665 | Vaults:5 | Reached skill level 1 in Shields
 38665 | Vaults:5 | Killed a golden dragon
 38758 | Vaults:5 | Identified the cursed +1 chain mail of Wasted Space {*Drain
                  | rElec Str+6 Dex+3}
 38803 | Vaults:5 | Reached skill level 5 in Shields
 38927 | Vaults:5 | Noticed Margery
 38950 | Vaults:5 | Killed Margery
 39549 | Vaults:5 | Noticed an ancient lich
 39555 | Vaults:5 | Killed an ancient lich
 39555 | Vaults:5 | Reached XP level 22. HP: 222/222 MP: 33/39
 39572 | Vaults:5 | Reached skill level 15 in Fighting
 39681 | Vaults:5 | Identified Uvupnud's Tome of the Venomous Voyage
 39698 | Vaults:5 | Got a silver rune of Zot
 39699 | Vaults:5 | Identified Sif Muna's Grimoire of Poison and the Snowflakes
 39767 | Vaults:5 | Identified the ring "Lixiramm" {rElec rPois Str+3 Int+2
                  | Stlth+}
 39857 | Vaults:5 | Found Zagemom's Magic Scroll Boutique.
 39869 | Vaults:5 | Bought a scroll of holy word for 127 gold pieces
 39869 | Vaults:5 | Bought a scroll of enchant armour for 127 gold pieces
 40028 | Vaults:5 | Lost mutation: Your spells are a little harder to cast, but
                  | a little more powerful. [potion of mutation]
 40028 | Vaults:5 | Lost mutation: You are dopey. (Int -2) [potion of mutation]
 40028 | Vaults:5 | Gained mutation: You are partially covered in thin metallic
                  | scales. (AC +2) [potion of mutation]
 40028 | Vaults:5 | Gained mutation: Your spells are a little easier to cast,
                  | but a little less powerful. [potion of mutation]
 40028 | Vaults:5 | Gained mutation: You are partially covered in icy blue
                  | scales. (AC +2) [potion of mutation]
 40028 | Vaults:5 | Gained mutation: Your muscles are strong. (Str +2) [potion
                  | of mutation]
 40133 | Vaults:5 | Identified the cursed +1 demon blade "Ipteunn" {flame, MP+9
                  | Int+3 Stlth-}
 40536 | D:15     | Entered Level 15 of the Dungeon
 40687 | D:15     | Found a staircase to the Depths.
 40713 | Depths:1 | Entered Level 1 of the Depths
 40713 | Depths:1 | Found Hosoush's Elemental Accessories.
 40891 | Depths:1 | Found a gateway to Hell.
 40948 | Depths:2 | Reached skill level 21 in Throwing
 41002 | Depths:2 | Found a one-way gate to the infinite horrors of the Abyss.
 41048 | Depths:2 | Reached XP level 23. HP: 245/245 MP: 27/40
 41051 | Depths:2 | Noticed a golden dragon
 41057 | Depths:2 | Noticed a caustic shrike
 41058 | Depths:2 | a caustic shrike changed into a shadow dragon
 41063 | Depths:2 | Killed a golden dragon
 41162 | Depths:2 | Found a magical portal.
 41165 | WizLab   | Entered The Roulette of Golubria
 41165 | WizLab   | Found a transporter.
 41168 | WizLab   | Found a corrupted altar of Lugonu.
 41169 | WizLab   | Found the +2 cloak of the Thief {*Fog Slay-2 SInv Stlth+}
 41191 | WizLab   | Found a transporter.
 41244 | WizLab   | Found a transporter.
 41264 | WizLab   | Found a transporter.
 41281 | WizLab   | Found a transporter.
 41306 | WizLab   | Found a transporter.
 41323 | WizLab   | Found a transporter.
 41341 | WizLab   | Identified the +4 cloak "Ysacs" {rElec rN++ Slay-4} (You
                  | found it in a wizard's laboratory)
 41358 | WizLab   | Identified the cursed -6 cloak of Resilience {Rampage
                  | Str+4} (You found it in a wizard's laboratory)
 41696 | Depths:3 | Reached skill level 22 in Throwing
 42082 | Depths:3 | Found a one-way gate leading to the halls of Pandemonium.
 42175 | Pan      | Entered Pandemonium
 42735 | Pan      | Reached skill level 23 in Throwing
 43320 | Pan      | Noticed Qaklozeb the pandemonium lord
 43526 | Pan      | Noticed a golden dragon
 43526 | Pan      | Noticed a golden dragon
 43529 | Pan      | Killed Qaklozeb the pandemonium lord
 43529 | Pan      | Reached XP level 24. HP: 256/256 MP: 26/40
 43765 | Pan      | Found a runed translucent door.
 43788 | Pan      | Got a demonic rune of Zot
 44426 | Pan      | Found an exit through the horrors of the Abyss.
 44630 | Pan      | Entered the realm of Mnoleg.
 44672 | Pan      | Reached skill level 24 in Throwing
 44677 | Pan      | Gained mutation: Scrolls take you a little longer to read.
                  | [a neqoxec]
 44723 | Pan      | Noticed Mnoleg
 44734 | Pan      | Paralysed by a floating eye for 4 turns
 44735 | Pan      | Gained mutation: You are somewhat resistant to further
                  | mutation. [a neqoxec]
 44766 | Pan      | Gained mutation: Armour fits poorly on your strangely
                  | shaped body. [a cacodemon]
 45040 | Pan      | Killed Mnoleg
 45042 | Pan      | Gained mutation: Your magical capacity is low. (-10% MP) [a
                  | neqoxec]
 45203 | Pan      | Got a glowing rune of Zot
 45232 | Pan      | Reached skill level 25 in Throwing
 45256 | Pan      | Reached XP level 25. HP: 263/263 MP: 36/36
 45557 | Pan      | Identified the cursed +1 robe of Delightful Freedom {+Fly}
 45653 | Pan      | Reached skill level 26 in Throwing
 46064 | Pan      | Reached skill level 27 in Throwing
 46154 | Pan      | Found a glowing golden altar of the Shining One.
 46154 | Pan      | Noticed a seraph
 46163 | Pan      | Killed a seraph
 46184 | Pan      | Identified Xoluuvy's Incunabulum of Unstable Transmutation
 46190 | Depths:3 | Escaped Pandemonium
 46195 | Pan      | Entered Pandemonium
 46195 | Pan      | Noticed Faqig the pandemonium lord
 46668 | Pan      | Reached XP level 26. HP: 274/274 MP: 36/36
 46825 | Pan      | Reached skill level 10 in Dodging
 46891 | Pan      | Gained mutation: You occasionally shout uncontrollably at
                  | your foes. [a cacodemon]
 46935 | Pan      | Entered the realm of Cerebov.
 47005 | Pan      | Found an exit through the horrors of the Abyss.
 47244 | Pan      | Reached skill level 15 in Unarmed Combat
 47267 | Pan      | Identified the +6 sword of Cerebov {flame}
 47267 | Pan      | Noticed Cerebov
 47451 | Pan      | Got a faintly glowing sapphire amulet
 47454 | Pan      | Identified the amulet of Muanaef {Acrobat Fragile Str+4
                  | Int+2 Dex+3} (You found it in Pandemonium)
 47493 | Pan      | Identified the Reference Book on the Cloudy Snowflakes
 47565 | Pan      | Got a fiery rune of Zot
 47748 | Pan      | Noticed Mifour the pandemonium lord
 47754 | Pan      | Killed Mifour the pandemonium lord
 47977 | Pan      | Identified the +10 chain mail of the Thistle {Harm rElec
                  | rF+ Stlth-}
 48121 | Pan      | Entered the realm of Gloorx Vloq.
 48632 | Pan      | Noticed Gloorx Vloq
 48653 | Pan      | Got a dark rune of Zot
 48686 | Pan      | Killed Gloorx Vloq
 48937 | Pan      | Reached skill level 1 in Air Magic
 48998 | Pan      | Reached XP level 27. HP: 282/282 MP: 28/36
 49032 | Pan      | Learned a level 9 spell: Tornado
 49046 | Pan      | Found an exit through the horrors of the Abyss.
 49088 | Pan      | Noticed Fuwot the pandemonium lord
 49110 | Pan      | Killed Fuwot the pandemonium lord
 49110 | Pan      | Reached skill level 5 in Air Magic
 49329 | Pan      | Found an exit through the horrors of the Abyss.
 49329 | Pan      | Identified the +6 sword of Cerebov {flame}
 49329 | Pan      | Noticed Cerebov
 49333 | Pan      | Took an exit into the Abyss.
 49333 | Abyss:1  | Escaped into the Abyss
 49384 | Abyss:2  | Found a corrupted altar of Lugonu.
 49388 | Abyss:2  | Identified a scroll of acquirement
 49390 | Abyss:2  | Acquired a +1 hat of magic resistance
 49915 | Abyss:5  | Entered Level 5 of the Abyss
 49918 | Abyss:5  | Found a corrupted altar of Lugonu.
 49945 | Abyss:5  | Got an abyssal rune of Zot
 49981 | Abyss:5  | Paralysed by accursed screaming for 1 turns
 50059 | Abyss:5  | Reached skill level 10 in Air Magic
 50083 | Depths:3 | Escaped the Abyss
 50186 | Pan      | Entered Pandemonium
 50314 | Pan      | Noticed Ileafix the pandemonium lord
 50698 | Pan      | Found an exit through the horrors of the Abyss.
 50745 | Pan      | Killed Ileafix the pandemonium lord
 50925 | Pan      | Entered the realm of Lom Lobon.
 50925 | Pan      | Noticed Lom Lobon
 50946 | Pan      | Killed Lom Lobon
 50981 | Pan      | Got a magical rune of Zot
 51929 | Pan      | Noticed Ecairero the pandemonium lord
 52073 | Pan      | Reached skill level 15 in Air Magic
 52175 | Pan      | Gained mutation: You sometimes yell uncontrollably at your
                  | foes. [a cacodemon]
 52521 | Pan      | Found an exit through the horrors of the Abyss.
 52554 | Pan      | Took an exit into the Abyss.
 52554 | Abyss:1  | Escaped into the Abyss
 52726 | Depths:3 | Escaped the Abyss
 52777 | Hell     | Entered the Vestibule of Hell
 52777 | Hell     | Noticed Geryon
 53033 | Hell     | Killed Geryon
 53366 | Hell     | Found a gateway to the decaying netherworld of Tartarus.
 53392 | Tar:1    | Entered Level 1 of Tartarus
 53528 | Tar:1    | You fall into a shaft and drop 1 floor!
 53917 | Tar:3    | You fall into a shaft and drop 2 floors!
 54141 | Tar:7    | Entered Level 7 of Tartarus
 54456 | Tar:7    | Noticed an ancient lich
 54457 | Tar:7    | Noticed an ancient lich
 54462 | Tar:7    | Killed an ancient lich
 54462 | Tar:7    | Killed an ancient lich
 54668 | Tar:7    | Got a clouded amethyst amulet
 54671 | Tar:7    | Identified the amulet "Sekus" {Inacc rPois Dex+4} (You
                  | found it on level 7 of Tartarus)
 54707 | Tar:7    | Identified the Compendium of Hubris
 54731 | Tar:7    | Learned a level 7 spell: Malign Gateway
 54770 | Tar:7    | Reached skill level 1 in Summonings
 54819 | Tar:7    | Noticed the Serpent of Hell
 54952 | Tar:7    | Reached skill level 5 in Summonings
 55156 | Hell     | are you serious
 55162 | Hell     | Killed the Serpent of Hell
 55312 | Hell     | Found a gateway to the Iron City of Dis.
 55734 | Tar:7    | Reached skill level 10 in Summonings
 55904 | Tar:7    | Noticed Ereshkigal
 55917 | Tar:7    | Killed Ereshkigal
 56032 | Tar:7    | Got a bone rune of Zot
 56050 | Tar:7    | Found the +7 pair of quick blades "Gyre" and "Gimble"
                  | {protect}
 56217 | Dis:1    | Entered Level 1 of the Iron City of Dis
 56590 | Dis:2    | You fall into a shaft and drop 1 floor!
 57363 | Dis:7    | Entered Level 7 of the Iron City of Dis
 57411 | Dis:7    | Learned a level 8 spell: Summon Horrible Things
 57873 | Dis:7    | Killed from afar by an iron giant

Illustrated notes

##################
+.................
#....†#...8...#...
#......#.D.#.....
##...............
##.............#
##...##'##...##
###.#...#.###
#.#.).# # ..
###...# .. #.#
#.).# #.#


Turn 55156 on Hell: are you serious

Levels and vault maps discovered:
D:1:      saegor_arrival_simple_c, layout_basic
D:2:      layout_basic, marbit_many_paths
D:3:      layout_basic, grunt_decor_fettered
D:4:      layout_basic, uniq_edmund, uniq_sigmund
D:5:      layout_loops_ring, makhleb_altar_promises_db,
          minmay_temple_entry_enclosed_plants, ebering_ghost_reflecting_pool,
          uniq_pikel
D:6:      layout_gridville, nicolae_ossuary_entry_monument,
          hangedman_abyss_or_decor_jellyfish_corner, grunt_decor_clamped
D:7:      minmay_recursive_quarters, layout_basic, st_stairs_13,
          vehumet_altar_wand_db
D:8:      layout_loops_corners, lemuel_blue_sif_altar,
          lemuel_zombie_altar_yredelemnul
D:9:      minmay_the_grid_triangle_9x9_recursive_2_mashed
          [minmay_the_grid_triangle_9x9_prize_insulated,
          minmay_the_grid_triangle_9x9_semitri,
          minmay_the_grid_triangle_9x9_cache,
          minmay_the_grid_triangle_9x9_descending_squares], layout_grid_maze,
          old_standard_altar, grunt_qazlal_clouds, minmay_lair_entry_grove,
          cheibriados_altar_1, uniq_joseph
D:10:     layout_cave_pools, serial_shops, shop_fountains
D:11:     layout_cave_pools, hiddenorc1_lemuel, serial_shops, shop, shop,
          nicolae_shop_waterfront
D:12:     minmay_chambers_of_sixes, layout_irregular_city, serial_shops,
          nicolae_shop_crystal
D:13:     layout_roguey, grunt_vaults_entry_tiered, minmay_crystal_box
D:14:     evilmike_diamond_2, layout_cave_pools, minmay_misc_feat_cross,
          minivault_27
D:15:     hangedman_depths_entry_try_elsewhere_first, layout_small_grid,
          nrook_pool_corridor, nicolae_trove_entry_diagonal
Lair:1:   layout_chaotic_city
Lair:2:   layout_hall_layers, portal_ice_cave_entry_pillars_1, st_stairs_5,
          grunt_megastairs_5
Lair:3:   layout_chaotic_city, nicolae_spider_entry_tight_spaces,
          lemuel_fruit_fields
Lair:4:   layout_cave_pods, minmay_shoals_entry_hut, minivault_29, uniq_kirke
Lair:5:   mu_elephants_graveyard, layout_big_grid, slime_dummy,
          serial_bayou_shore_b
Lair:6:   gammafunk_lair_ancient_temple, layout_regular_city, worms_lemuel,
          lemuel_fruit_tree
Shoals:1: layout_shoals, ebering_ghost_reflecting_pool, uniq_aizul
Shoals:2: layout_shoals, serial_shops, shop
Shoals:3: layout_shoals, uniq_polyphemus
Shoals:4: shoals_end_simple, layout_shoals, shoal_ilsuiw,
          nicolae_shoals_siren_and_animal_friends, uniq_louise, uniq_bai_suzhen
Spider:1: layout_spider_delve, uniq_frances
Spider:2: layout_spider_delve
Spider:3: layout_spider_delve
Spider:4: grunt_spider_rune_island
Slime:1:  layout_caves
Slime:2:  layout_caves, nicolae_slime_barrier
Slime:3:  layout_caves
Slime:4:  layout_caves
Slime:5
Orc:1:    layout_caves, serial_shops, nicolae_shop_competitors_out_of_business,
          basic_altar
Orc:2:    kennysheep_orc_mage_school, layout_caves, serial_shops, shop,
          guppyfry_library_mini
Vaults:1: ploomutoo_gammafunk_vaults_ghost_potion_laboratory,
          ontoclasm_vaults_fault, v_misc_11, ontoclasm_vaults_gallery,
          nicolae_vaults_hallways_thing, nicolae_vaults_stairing_the_circle,
          vaults_mumra_minichess_inversion, v_misc_23,
          grunt_vaults_hallway_long, v_misc_17, vaults_room_pools,
          nicolae_vaults_alarming, layout_vaults_omnigrid
Vaults:2: vaults_standard_mumra_x, ontoclasm_vaults_chip,
          ontoclasm_vaults_ring_large, vaults_room_grunt_arrival_ludios, st_eye,
          hangedman_vaults_restitches, grunt_vaults_hallway_long, v_misc_25,
          ontoclasm_vaults_idyll, nicolae_vaults_shelves_hall, vaults_mumra_lcd,
          vaults_dpeg_ring, layout_vaults_omnicross, serial_shops,
          bzr_entry_lakeside, basic_altar
Vaults:3: ontoclasm_vaults_twist, nicolae_vaults_minivaults,
          minmay_crypt_entry_skeletal_spiral, vaults_room_large_hall, v_misc_18,
          vaults_mumra_minichess, ontoclasm_vaults_gateway, v_misc_27,
          hangedman_vaults_restitches, nicolae_vaults_asterisk,
          nicolae_vaults_ring_of_whatevers, nicolae_vaults_theta, v_misc_16,
          layout_vaults_maze_snakey, serial_shops, shop
Vaults:4: grunt_vaults_swirl, v_misc_27, nicolae_vaults_arrows,
          grunt_vaults_bifocal, hangedman_vaults_stagger,
          nicolae_vaults_asterisk, ontoclasm_vaults_ring_small, v_misc_16,
          v_misc_5, nicolae_vaults_ring_of_whatevers, hangedman_vaults_locks,
          v_alt_pattern_1, nicolae_vaults_little_ls, layout_vaults_omnibox,
          serial_shops, shop, uniq_mara
Vaults:5: serial_shops, uniq_margery
Depths:1: layout_cave_pools, hell_entry, minmay_misc_feat_hallway,
          chequers_big_river, nicolae_elemental_shop, okawaru_ov_weapons_minmay
Depths:2: minmay_bloctagon, layout_gridville, mu_enter_wizlab_7,
          roderic_lattice_octagonal_star, hell_entry, abyss_entry
Depths:3: minmay_box_of_statues, layout_basic, hangedman_coc_ice_floe,
          ebering_ghost_reflecting_pool, hangedman_abyss_or_decor_passed,
          pan_entry, abyss_entry
Hell
Dis:1:    layout_chaotic_city, hangedman_player_shredder
Dis:2:    layout_subdivisions
Dis:3:    layout_subdivisions
Dis:4:    layout_gridville
Dis:5:    kennysheep_iron_temple, layout_regular_city,
          hangedman_dis_decor_blocks_mantle
Dis:6:    layout_gridville
Dis:7:    dis_grunt_layers
Tar:1:    layout_grid_maze, nicolae_tar_cuneiform_bread
Tar:2:    layout_honeycomb
Tar:3:    layout_catacombs
Tar:4:    layout_catacombs, lemuel_elevator
Tar:5:    layout_grid_maze
Tar:6:    layout_cathedral_of_symmetry
Tar:7:    tar_old

Skill      XL: |  1  2  3  4  5  6  7  8  9 10 11 12 13 14 15 16 17 18 19 20 21 22 23 24 25 26 27 |
---------------+----------------------------------------------------------------------------------+-----
Throwing       | 6 7 8 10 11 13 17 19 20 21 23 25 27 | 27.0
Fighting       | 5 9 11 14 17 20 | 20.0
Dodging        | 3 5 9 10 13 | 13.0
Transmutations | 5 7 8 11 | 11.0
Spellcasting   | 6 11 13 | 13.1
Unarmed Combat | 7 9 10 14 18 | 18.0
Evocations     | 5 |  5.0
Invocations    | 6 12 14 | 14.3
Poison Magic   | 2 |  2.1
Translocations | 3 6 |  6.8
Stealth        | 2 |  2.7
Earth Magic    | 7 10 | 10.2
Shields        | 9 |  9.0
Air Magic      | 2 23 | 23.8
Summonings     | 12 | 12.5

Action                   |  1- 3 |  4- 6 |  7- 9 | 10-12 | 13-15 | 16-18 | 19-21 | 22-24 | 25-27 || total
-------------------------+-------+-------+-------+-------+-------+-------+-------+-------+-------++-------
Melee: Short sword       |    86 |       |       |       |       |       |       |       |       ||    86
       Trident           |       |       |       |     8 |       |       |       |       |       ||     8
       Unarmed           |       |       |       |    21 |   363 |   307 |   493 |   576 |  2453 ||  4213
       Punch             |       |       |       |       |    21 |    22 |    54 |       |       ||    97
 Fire: Hunting sling     |     6 |    42 |   299 |   629 |   306 |    61 |       |       |       ||  1343
Throw: Dart              |    10 |     9 |    10 |    38 |       |       |       |       |       ||    67
       Large rock        |     4 |     7 |    26 |    73 |    66 |   106 |    98 |   160 |   312 ||   852
       Throwing net      |     1 |       |       |       |       |     4 |       |     1 |     5 ||    11
       Boomerang         |       |       |    55 |     1 |       |     2 |       |       |       ||    58
       Javelin           |       |       |    12 |    16 |     8 |   270 |   126 |   216 |   246 ||   894
 Cast: Blade Hands       |       |       |       |     2 |    64 |    22 |       |       |       ||    88
       Apportation       |       |       |       |       |    94 |    76 |    29 |   108 |   154 ||   461
       Blink             |       |       |       |       |    14 |    16 |     5 |    10 |    33 ||    78
       Passage of Golubr |       |       |       |       |     5 |     7 |     3 |     5 |    17 ||    37
       Irradiate         |       |       |       |       |     1 |    23 |    12 |    24 |    61 ||   121
       Summon Lightning  |       |       |       |       |     1 |     1 |       |     1 |       ||     3
       Statue Form       |       |       |       |       |       |    32 |    47 |    67 |   154 ||   300
       Tornado           |       |       |       |       |       |       |       |       |    23 ||    23
       Malign Gateway    |       |       |       |       |       |       |       |       |     8 ||     8
Invok: Slouch            |       |       |       |       |    10 |     7 |     2 |    11 |    27 ||    57
       Temporal Distorti |       |       |       |       |    18 |    15 |     8 |    11 |    23 ||    75
       Step From Time    |       |       |       |       |       |     1 |     1 |     2 |     4 ||     8
 Abil: End Transformatio |       |       |       |       |     6 |     3 |       |       |       ||     9
       Evoke Thunderclou |       |       |       |       |     4 |     1 |       |       |       ||     5
Evoke: Wand              |       |       |     1 |       |     9 |    20 |     1 |     6 |    14 ||    51
       Tin of tremorston |       |       |       |       |     5 |     2 |       |       |       ||     7
       Lightning rod     |       |       |       |       |     2 |       |       |       |       ||     2
       Condenser vane    |       |       |       |       |     3 |     3 |     1 |     1 |       ||     8
       Phantom mirror    |       |       |       |       |       |     3 |       |     1 |     3 ||     7
  Use: Scroll            |       |     1 |     8 |    12 |    16 |    10 |    12 |    23 |    24 ||   106
       Potion            |       |       |     2 |       |     3 |    13 |     3 |     9 |    15 ||    45
 Stab: Sleeping          |     1 |       |       |       |     2 |     2 |     6 |     5 |     3 ||    19
       Held in net/web   |       |       |       |       |       |     1 |       |       |     1 ||     2
       Distracted        |       |       |       |       |       |       |     1 |     6 |    14 ||    21
       Paralysed         |       |       |       |       |       |       |       |       |    10 ||    10
Armor: Robe              |    22 |     5 |    20 |    81 |    71 |    44 |    12 |    16 |    89 ||   360
       Skin              |       |       |       |       |       |   367 |   270 |   352 |  1220 ||  2209
Dodge: Dodged            |    67 |    11 |    78 |   156 |   261 |   504 |   453 |   511 |  2665 ||  4706
Block: Other             |       |       |       |       |    74 |   156 |   127 |       |       ||   357
       Reflection        |       |       |       |       |     4 |     3 |    31 |    50 |       ||    88
       Kite shield       |       |       |       |       |       |       |    74 |   852 |  3529 ||  4455

Table legend: (Time is in decaauts)
 A = Elapsed time spent in this place.
 B = Non-inter-level travel time spent in this place.
 C = Inter-level travel time spent in this place.
 D = Time resting spent in this place.
 E = Time spent auto-exploring this place.
 F = Levels seen in this place.
 G = Mean time per level.
                   A        B        C        D        E       F      G
               +--------+--------+--------+--------+--------+-----+--------+
         Total |  81611 |  77730 |   3881 |  13566 |  29034 |  97 |  841.4 |
       Dungeon |  17451 |  16288 |   1163 |    937 |  11825 |  15 | 1163.4 |
          Lair |   5783 |   4993 |    790 |   1216 |   1022 |   6 |  963.8 |
        Shoals |   5142 |   5075 |     67 |   2790 |     51 |   4 | 1285.5 |
   Spider Nest |   5189 |   4904 |    285 |    631 |   3332 |   4 | 1297.2 |
    Slime Pits |   4688 |   4382 |    306 |   2266 |    820 |   5 |  937.6 |
  Orcish Mines |   1347 |   1153 |    194 |     24 |      0 |   2 |  673.5 |
        Vaults |  12715 |  11906 |    809 |    941 |   6848 |   5 | 2543.0 |
        Depths |   2937 |   2824 |    113 |    614 |    687 |   3 |  979.0 |
          Hell |   1028 |    938 |     90 |      0 |    376 |   1 | 1028.0 |
           Dis |   2678 |   2678 |      0 |    444 |    165 |   7 |  382.6 |
      Tartarus |   3804 |   3744 |     60 |    751 |     43 |   7 |  543.4 |
         Abyss |   1811 |   1811 |      0 |      0 |     10 |   7 |  258.7 |
   Pandemonium |  14979 |  14979 |      0 |   2614 |   3385 |  27 |  554.8 |
        Bazaar |    259 |    259 |      0 |      0 |    199 |   1 |  259.0 |
       Ossuary |    563 |    563 |      0 |     98 |    269 |   1 |  563.0 |
      Ice Cave |    788 |    788 |      0 |    235 |      0 |   1 |  788.0 |
        Wizlab |    440 |    440 |      0 |      0 |      0 |   1 |  440.0 |
               +--------+--------+--------+--------+--------+-----+--------+

Top non-repeatable levels by time:
Shoals:4: 4094 daAuts
Vaults:3: 3514 daAuts
Vaults:1: 3077 daAuts
Vaults:4: 3069 daAuts
Vaults:5: 2835 daAuts
   Tar:7: 2396 daAuts
    D:12: 2300 daAuts
     D:9: 2233 daAuts
Spider:4: 2171 daAuts
  Lair:3: 1748 daAuts
    D:11: 1739 daAuts
Depths:3: 1703 daAuts
    D:10: 1456 daAuts
     D:8: 1408 daAuts
Spider:1: 1391 daAuts
